 Dungeon Crawl Stone Soup version 0.32-a0-473-gd044c6f0f0 (webtiles) character file.

Game seed: 3320009923052671125

87 Aldia the Chopper (level 4, -2/38 HPs)
             Began as a Mountain Dwarf Reaver on Feb 25, 2024.
             Slain by a gnoll
             ... wielding a +0 halberd
              (6 damage)
             ... on level 3 of the Dungeon.
             The game lasted 00:03:01 (2028 turns).

Aldia the Chopper (Mountain Dwarf Reaver)           Turns: 2028, Time: 00:03:01

Health: -2/38      AC:  6    Str: 17    XL:     4   Next: 28%
Magic:  7/7        EV:  9    Int: 13    God:
Gold:   176        SH:  0    Dex:  8    Spells: 6/7 levels left

rFire   . . .        l - +0 whip (elec)
rCold   . . .        (no shield)
rNeg    . . .        c - +0 scale mail
rPois   .            (no helmet)
rElec   .            (no cloak)
rCorr   .            (no gloves)
SInv    .            (no boots)
Will    +....        g - amulet of regeneration Stlth
                     k - ring of willpower
HPRegen 1.06/turn    (no ring)
MPRegen 0.10/turn

%: no passive effects
@: no status effects
A: runic magic, artefact enchanting
a: no special abilities


You were on level 3 of the Dungeon.
You visited 1 branch of the dungeon, and saw 3 of its levels.

You collected 176 gold pieces.

Inventory:

Hand Weapons
 a - a +0 hand axe
 j - a +0 war axe
 l - a +0 whip of electrocution (weapon)
Armour
 b - a +0 leather armour
 c - a +0 scale mail (worn)
 f - a +0 tower shield
Jewellery
 g - an amulet of regeneration (around neck)
 k - a ring of willpower (left hand)
Wands
 q - a wand of flame (50)
Scrolls
 i - a scroll of enchant armour {unknown}
 m - a scroll of teleportation {unknown}
 p - 2 scrolls of vulnerability {unknown}
Potions
 d - 3 potions of curing
 e - 2 potions of attraction {unknown}
 h - 2 potions of mutation {unknown}
 n - 4 potions of heal wounds
 o - a potion of haste {unknown}
 r - 2 potions of degeneration {unknown}


   Skills:
 + Level 3.3 Fighting
 - Level 4.0 Axes
 - Level 1.3 Dodging
 - Level 2.0 Spellcasting
 - Level 3.0 Conjurations
 * Level 2.5 Necromancy


You had 6 spell levels left.
You knew the following spells:

 Your Spells              Type           Power      Damage    Failure   Level
a - Kiss of Death         Conj/Necr      32%        2d7       11%         1

Your spell library contained the following spells:

 Spells                   Type           Power      Damage    Failure   Level
 Momentum Strike          Conj/Tloc      10%        3d8       28%         2
 Hailstorm                Conj/Ice       5%         3d5       50%         3
 Anguish                  Hex/Necr       2%         N/A       90%         4
 Cause Fear               Hex            0%         N/A       98%         4
 Enfeeble                 Hex            0%         N/A       100%        7


Dungeon Overview and Level Annotations

Branches:
Dungeon (3/15)

Altars:
Uskayaw


Innate Abilities, Weirdness & Mutations

Your spellcasting is much less encumbered by armour.
You can use scrolls of enchantment on lesser artefacts.


Message History

Found 8 stones.
You now have 176 gold pieces (gained 12).
r - 2 ruby potions (gained 1)
A gnoll comes into view. It is wielding a +0 halberd.
The gnoll shouts!
You hear a shout!
A gnoll comes into view. It is wielding a +0 halberd.
A gnoll comes into view. It is wielding a +0 club.
There are monsters nearby!
A bombardier beetle and a gnoll come into view.
Found a fuming brown potion.
The gnoll shouts!
Found 4 poisoned darts.
Okay, then.
You hit the gnoll.
The gnoll is heavily wounded.
The gnoll hits you with a +0 club.
You barely miss the gnoll.
The gnoll is heavily wounded.
The gnoll barely misses you. x2
You hit the gnoll.
The gnoll is heavily wounded.
The gnoll hits you with a +0 club.
The gnoll hits you from afar with a +0 halberd!
You hit the gnoll. Lightning courses through the gnoll!
You kill the gnoll!
The gnoll hits you from afar with a +0 halberd.
The gnoll barely misses you. The gnoll hits you but does no damage.
Things that are here:
a +0 club; a gnoll corpse You hit the gnoll.
The gnoll is lightly wounded.
The gnoll hits you with a +0 halberd!
The gnoll hits you from afar with a +0 halberd!
* * * LOW HITPOINT WARNING * * *
You hit the gnoll but do no damage.
The gnoll is lightly wounded.
The gnoll hits you with a +0 halberd.
* * * LOW HITPOINT WARNING * * *
The gnoll hits you from afar with a +0 halberd.
You die...

.............#.#####.#
#. .......#..###..#
#.# ..÷.)....## #.##
#.# ..._...ß.# #.# #.#
..###....# #.# #.#
.......### ..# #.#
.....### ### #.# .
.##### .###########.#
... ##
........@gggB####...!.
#
############..........
#..###..... ##.# ..(
#.# . #.# #.# ###


You could see a bombardier beetle and 3 gnolls.

Vanquished Creatures
  Jessica (D:2)
  An adder (D:2)
  A gnoll (D:3)
  A ribbon worm (D:3)
  A ball python (D:3)
  2 bats
  3 endoplasms
  3 giant cockroaches
  A goblin (D:1)
  5 hobgoblins
  4 quokkas
  2 frilled lizards (D:2)
  7 kobolds
  6 rats
38 creatures vanquished.

Notes
Turn   | Place    | Note
-------+----------+-------------------------------------------
     0 | D:1      | Aldia the Mountain Dwarf Reaver began the quest for the
                  | Orb.
     0 | D:1      | Reached XP level 1. HP: 17/17 MP: 3/3
   266 | D:1      | Reached skill level 4 in Axes
   475 | D:1      | Reached XP level 2. HP: 24/25 MP: 4/4
  1178 | D:2      | Reached XP level 3. HP: 27/30 MP: 4/6
  1365 | D:2      | Noticed Jessica
  1373 | D:2      | Killed Jessica
  1374 | D:2      | Reached skill level 1 in Necromancy
  1890 | D:3      | Found a hide-covered altar of Uskayaw.
  1929 | D:3      | Reached XP level 4. HP: 38/38 MP: 7/7
  2028 | D:3      | Slain by a gnoll

Illustrated notes

Levels and vault maps discovered:
D:1:      psy_arrival_whirlpool, layout_loops_corners, corexii_leaking_fountain
D:2:      layout_basic, uniq_jessica
D:3:      layout_rooms, eat_drink_and_be_merry_uskayaw,
          chequers_serial_rivers_large_b

Skill      XL: |  1  2  3 |
---------------+----------+-----
Axes           | 4 |  4.0
Conjurations   | 3 |  3.0
Spellcasting   | 2 |  2.0
Fighting       | 3 |  3.3
Necromancy     | 2 |  2.5
Dodging        | |  1.3

Action                     |  1- 3 |  4- 6 || total
---------------------------+-------+-------++-------
  Melee: Hand axe          |    30 |       ||    30
         Whip              |    80 |    18 ||    98
         War axe           |     4 |       ||     4
    Use: Scroll            |     2 |       ||     2
 Armour: Leather armour    |    58 |       ||    58
         Scale mail        |     1 |    16 ||    17
  Dodge: Dodged            |    55 |     9 ||    64

Table legend: (Time is in decaauts)
 A = Elapsed time spent in this place.
 B = Non-inter-level travel time spent in this place.
 C = Inter-level travel time spent in this place.
 D = Time resting spent in this place.
 E = Time spent auto-exploring this place.
 F = Levels seen in this place.
 G = Mean time per level.
                   A        B        C        D        E       F      G
               +--------+--------+--------+--------+--------+-----+--------+
         Total |   2029 |   1912 |    117 |      0 |   1590 |   3 |  676.3 |
       Dungeon |   2029 |   1912 |    117 |      0 |   1590 |   3 |  676.3 |
               +--------+--------+--------+--------+--------+-----+--------+

Top non-repeatable levels by time:
     D:1: 976 daAuts
     D:2: 896 daAuts
     D:3: 156 daAuts
